 Dungeon Crawl Stone Soup version 0.31-a0-133-gaae73658be (webtiles) character file.

Game seed: 13078309565675524814

1743747 NoAnimeNoLife the Conqueror (level 25, 210/210 HPs)
             Began as a Merfolk Fighter on June 2, 2023.
             Was a High Priest of Hepliaklqana.
             Escaped with the Orb
             ... and 3 runes!
             The game lasted 01:39:43 (58041 turns).

NoAnimeNoLife the Conqueror (Merfolk Fighter)      Turns: 58041, Time: 01:39:44

Health: 210/210    AC: 46    Str: 31    XL:     25   Next: 16%
Magic:  41/41      EV: 13    Int: 12    God:    Hepliaklqana [*****.]
Gold:   3946       SH: 12    Dex: 18    Spells: 24/24 levels left

rFire   + + +        H - +9 demon trident (elec)
rCold   + . .        a - +3 buckler {rPois}
rNeg    + . .        s - +8 orange crystal plate armour {Archmagi, Int+3 Clar}
rPois   +            w - +0 helmet "Vemnal" {rF++ MP+9}
rElec   +            N - +3 cloak "Rifiur" {rF+}
rCorr   .            G - +2 pair of gloves {infuse}
SInv    .            C - +2 pair of boots {Fly}
Will    +....        x - amulet "Rerig" {Acrobat rC+ Dex+3} Stlth
                     j - ring of Uloxt {rElec rN+ Str+6 Stlth+}
HPRegen 0.55/turn    I - +4 ring of slaying
MPRegen 0.27/turn

%: acrobat, clarity, archmagi, infuse magic (1 MP)
@: flying, studying Long Blades
A: reduced essence, (nimble swimmer 2), mertail, low MP 1, mutation resistance
1, passive freeze, subdued magic 1
0: Orb of Zot
}: 3/15 runes: decaying, slimy, gossamer
a: Renounce Religion, Recall Ancestor, Ancestor Identity, Transference, Idealise


You escaped.
You worshipped Hepliaklqana.
Hepliaklqana was extremely pleased with you.
You visited 9 branches of the dungeon, and saw 45 of its levels.
You visited the Abyss 1 time.

You collected 6104 gold pieces.
You spent 2158 gold pieces at shops.

Inventory:

Hand Weapons
 H - a +9 demon trident of electrocution (weapon)
Missiles
 m - 5 curare-tipped darts (quivered)
 u - 2 throwing nets
Armour
 a - a +3 buckler of poison resistance (worn)
 s - the +8 orange crystal plate armour (worn) {Archmagi, Int+3 Clar}
   (You bought it in a shop on level 2 of the Orcish Mines)

   Int:       It affects your intelligence (+3).
   Clar:      It protects you from confusion, rage, mesmerisation and fear.
 w - the +0 helmet "Vemnal" (worn) {rF++ MP+9}
   (You found it on level 4 of the Depths)

   rF:        It greatly protects you from fire.
   MP:        It affects your magic capacity (+9).
 C - a +2 pair of boots of flying (worn)
 G - a +2 pair of gloves of infusion (worn)
 N - the +3 cloak "Rifiur" (worn) {rF+}
   (You found it on level 1 of the Spider Nest)

   rF:        It protects you from fire.
Jewellery
 j - the ring of Uloxt (left hand) {rElec rN+ Str+6 Stlth+}
   (You took it off a spriggan on level 4 of the Lair of Beasts)

   [ring of strength]

   Str:       It affects your strength (+6).
   rElec:     It insulates you from electricity.
   rN:        It protects you from negative energy.
   Stlth:     It makes you more stealthy.
 t - the ring "Koto" {rPois Int+3 SInv}
   (You found it on level 3 of the Depths)

   [ring of see invisible]

   Int:       It affects your intelligence (+3).
   rPois:     It protects you from poison.
   SInv:      It lets you see invisible.
 x - the amulet "Rerig" (around neck) {Acrobat rC+ Dex+3}
   (You found it on level 5 of the Pits of Slime)

   [amulet of the acrobat]

   It increases your evasion while moving and waiting.
   Dex:       It affects your dexterity (+3).
   rC:        It protects you from cold.
 D - an amulet of reflection
 I - a +4 ring of slaying (right hand)
 P - the ring of Illuvy {Ice rPois Int+3 Dex+2}
   (You took it off a tengu conjurer on level 3 of the Depths)

   [ring of ice]

   It enhances your ice magic.
   Int:       It affects your intelligence (+3).
   Dex:       It affects your dexterity (+2).
   rF:        It makes you vulnerable to fire.
   rC:        It protects you from cold.
   rPois:     It protects you from poison.
 T - a ring of resist corrosion
 X - a ring of the Octopus King {rF+ HP+2 AC+2 EV+2 SH+2}
   (You found it on level 5 of the Lair of Beasts)

   [ring of protection from fire]

   AC:        It affects your AC (+2).
   EV:        It affects your evasion (+2).
   rF:        It protects you from fire.
   HP:        It affects your health (+2).
   SH:        It affects your SH (+2).
Wands
 f - a wand of digging (2)
 q - a wand of roots (4)
 M - a wand of paralysis (27)
 O - a wand of flame (95)
 W - a wand of light (4)
 Z - a wand of mindburst (52)
Scrolls
 c - a scroll of fear
 g - a scroll of blinking
 l - 11 scrolls of teleportation
 n - 5 scrolls of enchant weapon
 o - a scroll of magic mapping
 r - 4 scrolls of fog
 y - 4 scrolls of vulnerability
 K - 5 scrolls of silence
 Q - 5 scrolls of amnesia
 R - 6 scrolls of torment
 V - 2 scrolls of brand weapon
Potions
 b - 2 potions of haste
 d - 3 potions of invisibility
 e - 4 potions of resistance
 h - 10 potions of curing
 i - 4 potions of brilliance
 p - 8 potions of mutation
 v - 4 potions of berserk rage
 z - 7 potions of enlightenment
 A - 5 potions of ambrosia
 F - 5 potions of attraction
 L - 7 potions of lignification
 U - a potion of might
 Y - 3 potions of magic
Miscellaneous
 k - a lightning rod (4/4)
 B - a phial of floods
 J - a phantom mirror
 S - a tin of tremorstones (2/2)


   Skills:
 O Level 27 Fighting
 - Level 20.1 Polearms
 - Level 16.1 Armour
 - Level 13.3 Dodging
 - Level 18.8 Shields
 + Level 18.6 Invocations
 - Level 17.1 Evocations


You had 24 spell levels left.
You didn't know any spells.
Your spell library contained the following spells:

 Spells                   Type           Power      Damage    Failure   Level
 Apportation              Tloc           0%         N/A       99%         1
 Necrotise                Necr           0%         1d4       99%         1
 Sandblast                Erth           0%         2d4       99%         1
 Slow                     Hex            0%         N/A       99%         1
 Sting                    Tmut/Pois      0%         1d3       99%         1
 Summon Small Mammal      Summ           0%         N/A       99%         1
 Blink                    Tloc           0%         N/A       100%        2
 Lesser Beckoning         Tloc           0%         N/A       100%        2
 Momentum Strike          Conj/Tloc      0%         3d8       100%        2
 Passwall                 Tmut/Erth      0%         N/A       100%        2
 Poisonous Vapours        Pois/Air       0%         N/A       100%        2
 Scorch                   Fire           0%         2d5       100%        2
 Confusing Touch          Hex            0%         N/A       100%        3
 Inner Flame              Hex/Fire       0%         N/A       100%        3
 Mephitic Cloud           Conj/Pois/Air  0%         N/A       100%        3
 Ozocubu's Armour         Ice            0%         N/A       100%        3
 Stone Arrow              Conj/Erth      0%         3d7       100%        3
 Tukima's Dance           Hex            0%         N/A       100%        3
 Vampiric Draining        Necr           0%         2d6       100%        3
 Volatile Blastmotes      Fire/Tloc      0%         2d10      100%        3
 Animate Dead             Necr           0%         N/A       100%        4
 Cause Fear               Hex            0%         N/A       100%        4
 Flame Wave               Conj/Fire      0%         2d4       100%        4
 Leda's Liquefaction      Hex/Erth       0%         N/A       100%        4
 Manifold Assault         Tloc           0%         N/A       100%        4
 Olgreb's Toxic Radiance  Pois           0%         N/A       100%        4
 Passage of Golubria      Tloc           0%         N/A       100%        4
 Petrify                  Tmut/Erth      0%         N/A       100%        4
 Sticky Flame             Conj/Fire      0%         2d3       100%        4
 Alistair's Intoxication  Tmut/Pois      0%         N/A       100%        5
 Arcjolt                  Conj/Air       0%         1d10      100%        5
 Fireball                 Conj/Fire      0%         3d3       100%        5
 Freezing Cloud           Conj/Ice/Air   0%         6-21      100%        5
 Lee's Rapid Deconstruct  Erth           0%         3d4*      100%        5
 Metabolic Englaciation   Hex/Ice        0%         N/A       100%        5
 Yara's Violent Unravell  Hex/Tmut       0%         3d3       100%        5
 Dispersal                Tloc           0%         N/A       100%        6
 Leda's Unmaking          Conj/Erth      0%         9d1       100%        6
 Simulacrum               Ice/Necr       0%         N/A       100%        6
 Statue Form              Tmut/Erth      0%         N/A       100%        6
 Dragon Form              Tmut           0%         N/A       100%        7
 Haunt                    Necr/Summ      0%         N/A       100%        7
 Discord                  Hex            0%         N/A       100%        8
 Disjunction              Tloc           0%         N/A       100%        8
 Ignition                 Fire           0%         3d3       100%        8
 Infestation              Necr           0%         N/A       100%        8
 Lehudib's Crystal Spear  Conj/Erth      0%         10d2      100%        8
 Dragon's Call            Summ           0%         N/A       100%        9


Dungeon Overview and Level Annotations

Branches:
Dungeon (15/15)            Temple (1/1) D:6            Lair (5/5) D:8
  Swamp (4/4) Lair:2       Spider (4/4) Lair:2        Slime (5/5) Lair:4
    Orc (2/2) D:9             Elf (0/3) Orc:2        Vaults (0/5) D:13
 Depths (4/4) D:15            Zot (5/5) Depths:4

Altars:
Ashenzari
Cheibriados
Dithmenos
Elyvilon
Fedhas
Gozag
Hepliaklqana
Kikubaaqudgha
Makhleb
Nemelex Xobeh
Okawaru
Qazlal
Ru
Sif Muna
Trog
Uskayaw
Vehumet
Wu Jian
Xom
Yredelemnul
Zin
The Shining One
Jiyva

Shops:
D:9 [(   Orc:2 :[*[(

Portals:
Hell: Depths:1 Depths:3 Depths:4
Abyss: Lair:4
Trove: D:15 (give +3 shadow dragon scales)

Annotations:
Depths:2 exclusion: door
Depths:4 1 runed translucent door
Zot:1 2 transporters, exclusion: orange crystal statue, Raoceuw's ghost, master NaVM; dazzle's ghost, veteran NaIE


Innate Abilities, Weirdness & Mutations

Your life essence is reduced to manifest your ancestor. (-10% HP)
((You are very nimble when in or above water. (Stealth+, EV+, Speed+++)))
Your lower body shifts to a powerful aquatic tail in water.
Your magical capacity is low. (-10% MP)
You are somewhat resistant to further mutation.
A frigid envelope surrounds you and freezes all who hurt you.
Your spells are a little easier to cast, but a little less powerful.


Message History

A green death comes into view.
The green death gestures at you. The bolt of poison misses you.
You reach to attack!
You puncture the green death!
The green death is moderately wounded.
You reach to attack!
You puncture the green death!
The green death is heavily wounded.
The green death gestures at you. The bolt of poison misses you.
You reach to attack!
You puncture the green death!
The green death is severely wounded.
You reach to attack!
You puncture the green death!
The green death is almost dead.
The green death gestures at you.
The bolt of poison hits Lufti but does no damage.
The bolt of poison hits you. You resist.
Lufti mumbles some strange words.
Lufti seems to speed up.
You reach to attack!
You puncture the green death!
You kill the green death!
No target in view!
(D) Dungeon (T) Temple (L) Lair (S) Swamp (N) Spider Nest (M) Slime Pits (O) Orcish Mines (E) Elven Halls (V) Vaults (U) Depths (H) Hell (Z) Zot
Where to? (Enter - D:1 @ (x,y), ? - help) HP restored.
Magic restored.
There is a stone staircase leading up here.
You fly upwards.
There is a stone staircase leading down here.
Lufti is no longer moving quickly.
There is a stone staircase leading up here.
You fly upwards.
There is a stone staircase leading down here.
You swap places.
There is a stone staircase leading up here.
You fly upwards.
There is a stone staircase leading down here.
There is a staircase leading out of the dungeon here.
You have escaped!

#.......####.... #>......# #.#.#
########..R....# #.#.# ######
#......####.#######.#.. .....#
#.####.##......##...### ####.#
#.####.##.#.##.#.###.##
####.######................# #...
##......PPPPPP.PPPPPPPPPP#.###.##
##.#.###PPPPP..R@..PPPPPP##...#..
##.#.# #PPPP..PPPPP..PPPP#####[..
.....#


#PPP.PPP...PPP.PPP.# #... #.#### #PPP.PP.PPP.PP.PPP.# #... #.#
#PP.PP.PP.PP.PP.PP.# #[.. #.######PP.P.PP.P.PP.P.PP.# #)..
.......#PP.P.P.PPP.P.P.PP.####... ..####.#PP.P.PP.P.PP.P.PP........
..####.#PP.PP.PP.PP.PP.PP.......รท You could see the friendly Lufti the knight
(reflecting).

Vanquished Creatures
  the Royal Jelly (Slime:5)
  4 orbs of fire
  A juggernaut (Depths:2)
  Vv (Depths:2)
  5 Killer Klowns (Zot:5)
  A shard shrike (Zot:4)
  the Lernaean hydra (Swamp:4)
  Nikola (Spider:4)
  6 golden dragons
  A Tzitzimitl (Zot:5)
  11 tentacled monstrosities
  2 electric golems
  3 walking crystal tomes
  21 Orb Guardians
  An Ice Fiend (Zot:5)
  4 liches
  A titan (Depths:2)
  3 quicksilver dragons
  3 sphinxes (Depths:2)
  22 acid blobs
  2 Executioners
  9 storm dragons
  7 death cobs
  Kirke (Spider:2)
  5 shadow dragons
  A thorn hunter (Lair:2)
  6 tengu reavers
  6 draconian monks
  14 azure jellies
  4 fire giants
  Roxanne (Spider:2)
  12 rockslimes
  The ghost of Pogint the Warrior, an adept OpAE of Ru (Spider:1)
  A draconian knight (Zot:4)
  11 draconian scorchers
  6 emperor scorpions
  A ghost moth (shapeshifter) (Lair:4)
  5 draconian shifters (Zot:4)
  A balrug (D:10)
  3 frost giants
  6 ghost moths
  3 ghouls (Swamp:4)
  2 formless jellyfish (Slime:4)
  2 deep elf elementalists (Depths:2)
  A caustic shrike zombie (D:15)
  9 draconian stormcallers
  7 stone giants
  4 draconian annihilators
  2 broodmothers
  17 very ugly things
  8 green draconians
  15 quicksilver oozes
  An eleionoma (Swamp:3)
  20 yellow draconians
  14 white draconians
  A bunyip (Swamp:3)
  14 red draconians
  7 black draconians
  11 purple draconians
  2 deep elf annihilators
  11 spark wasps
  An iron golem (Depths:1)
  The ghost of Longtemps the Covert, a journeyman OpEE of Gozag (Orc:1)
  8 ettins
  7 fire dragons
  The ghost of Olga the Destroyer, a journeyman MeCj of Jiyva (Lair:4)
  5 entropy weavers
  A green death (D:4)
  A merfolk impaler (Depths:2)
  5 great orbs of eyes
  A spectral spriggan (Depths:4)
  22 hydras
  A quicksilver dragon skeleton (D:15)
  2 rakshasas
  3 spriggan air magi
  A catoblepas (shapeshifter) (D:13)
  A ghost crab (Swamp:3)
  A jorogumo (Spider:4)
  A centaur warrior (D:15)
  6 ogre magi
  12 ice dragons
  A merfolk avatar (Lair:5)
  A radroach (Spider:1)
  4 tengu warriors
  9 alligators
  18 two-headed ogres
  4 boulder beetles
  2 deep troll earth magi
  A thrashing horror (Lair:4)
  6 demonic crawlers
  11 deep troll shamans
  An orc high priest (Orc:2)
  3 vampire magi
  3 sun demons (D:10)
  Sonja (Orc:2)
  2 skysharks (Lair:5)
  7 hell knights
  3 pharaoh ants
  7 iron trolls
  4 spriggan druids
  9 deep trolls
  4 goliath frogs
  2 skeletal warriors (D:15)
  2 flayed ghosts
  2 spark wasp zombies (Depths:1)
  A quicksilver dragon simulacrum (Depths:4)
  3 glowing orange brains
  8 swamp dragons
  7 orb spiders
  A harpy (Lair:5)
  2 spriggan simulacra (Depths:4)
  A bog body (Swamp:3)
  A harpy (shapeshifter) (D:15)
  2 steelbarb worms
  3 deep elf pyromancers
  An orange crystal statue (Spider:3)
  A frost giant zombie (D:15)
  2 necromancers
  4 oklob plants
  10 ugly things
  2 starcursed masses (Abyss:1)
  2 deep elf zephyrmancers (Depths:4)
  13 wolf spiders
  An orc knight (Orc:1)
  5 cyclopes
  3 will-o-the-wisps
  3 shining eyes
  An orc sorcerer (D:7)
  9 elephants
  25 moths of wrath
  2 worldbinders
  A salamander (Depths:2)
  A black mamba (Lair:5)
  2 rust devils (Abyss:1)
  4 eyes of devastation
  2 torpor snails
  2 gargoyles
  An unseen horror zombie (D:7)
  8 komodo dragons
  6 cane toads
  3 rime drakes
  2 efreet
  An unseen horror (D:12)
  2 kobold demonologists
  2 ancient zymes (Abyss:1)
  2 komodo dragons (shapeshifter)
  An ice devil (D:14)
  5 tengu conjurers
  10 meliai
  4 polar bears
  11 trolls
  The ghost of Sintarzus the Ducker, an amateur MfMo of the Shining One (D:4)
  6 tyrant leeches
  A hellwing (Lair:4)
  A tengu simulacrum (Depths:4)
  13 hornets
  2 wind drakes (Lair:5)
  A hornet (shapeshifter) (D:13)
  12 blink frogs
  A large abomination (Abyss:1)
  5 dream sheep (Lair:5)
  14 tarantellas
  2 snapping turtles (Lair:5)
  65 slime creatures
  8 spriggans
  31 jumping spiders
  22 culicivoras
  6 water elementals (Depths:2)
  A vampire (D:9)
  4 wyverns
  2 wraiths
  15 fire elementals
  5 hogs (Spider:2)
  2 small abominations (Abyss:1)
  2 ynoxinuls (Abyss:1)
  4 basilisks
  44 yaks
  5 steam dragons
  5 golden eyes
  Grum (D:8)
  10 vampire mosquitoes
  A chaos spawn (Abyss:1)
  34 redbacks
  17 swamp worms
  2 wargs (Orc:1)
  4 acid dragons
  A harpy simulacrum (Abyss:1)
  7 water moccasins
  5 swamp drakes (Swamp:4)
  A floating eye (shapeshifter) (Depths:1)
  4 floating eyes
  A sky beast (D:7)
  Duvessa (D:5)
  5 black bears
  13 orc warriors
  2 ice beasts (D:7)
  32 ogres
  2 centaurs
  9 wolves
  A phantom (D:4)
  2 kobold brigands
  A gnoll sergeant (D:12)
  Blork the orc (D:4)
  7 bullfrogs
  A wyvern zombie (D:7)
  A necrophage (Swamp:4)
  4 scorpions
  A glowing shapeshifter simulacrum (Depths:4)
  19 wights
  Dowan (D:5)
  6 killer bees
  3 howler monkeys
  4 crimson imps (Abyss:1)
  6 electric eels
  A hound (D:5)
  8 orc priests
  15 jellies
  2 sleepcaps
  An iguana (D:5)
  13 orc wizards
  3 hell rats (Lair:5)
  2 killer bee zombies (D:7)
  9 adders
  4 gnolls
  A shadow imp (D:7)
  5 white imps
  An ufetubus (D:4)
  2 worms
  40 orcs
  A ball python (shapeshifter) (Depths:2)
  5 bats
  7 endoplasms
  4 giant cockroaches
  11 goblins
  6 hobgoblins
  5 jackals
  13 kobolds
  8 ball pythons
  2 frilled lizards (D:3)
  9 rats
1386 creatures vanquished.

Vanquished Creatures (collateral kills)
  3 dread liches
  A Killer Klown (Zot:5)
  A caustic shrike (Depths:2)
  A golden dragon (Depths:3)
  Arachne (Spider:2)
  4 tentacled monstrosities
  4 Orb Guardians (Zot:5)
  5 acid blobs
  A thorn hunter (Swamp:3)
  A sphinx (Depths:2)
  2 shadow dragons
  A tengu reaver (Depths:3)
  2 storm dragons
  A fire giant (Depths:3)
  A draconian monk (Zot:4)
  A rockslime (Slime:4)
  3 draconian knights
  2 frost giants (Depths:3)
  The ghost of Vuihagim the Severer, a journeyman HOFi of Beogh (Depths:4)
  A draconian scorcher (Zot:3)
  A balrug (Zot:4)
  A ghoul (Swamp:4)
  2 draconian stormcallers
  A draconian annihilator (Zot:2)
  A formless jellyfish (Slime:4)
  12 very ugly things
  A draconian shifter (Zot:2)
  5 quicksilver oozes
  A broodmother (Spider:1)
  4 green draconians
  6 red draconians
  7 yellow draconians
  5 black draconians
  3 white draconians
  A bunyip (Swamp:3)
  A spark wasp (Depths:4)
  4 purple draconians
  An entropy weaver (Spider:4)
  A great orb of eyes (Depths:3)
  2 rakshasas
  2 hydras
  An ice dragon (Depths:2)
  A caustic shrike simulacrum (Depths:4)
  A centaur warrior (D:14)
  2 juggernaut simulacra (Depths:4)
  A spriggan air mage (Depths:4)
  A boulder beetle (Spider:1)
  A tengu warrior (Depths:3)
  2 alligators
  A deep troll shaman (Depths:2)
  A two-headed ogre (D:15)
  A demonic crawler (Spider:4)
  Urug (D:13)
  A deep troll earth mage (Depths:3)
  3 hell knights
  A sun demon (D:10)
  2 skysharks
  An iron troll (Depths:2)
  3 deep trolls
  A goliath frog (Swamp:1)
  4 orb spiders
  4 swamp dragons (Swamp:4)
  A bog body (Swamp:1)
  A golden dragon zombie (Depths:1)
  A large abomination (Abyss:1)
  3 wolf spiders
  A steelbarb worm (Spider:1)
  4 ugly things
  A shining eye (Slime:4)
  8 moths of wrath
  A torpor snail (Spider:4)
  A cane toad (Lair:5)
  2 tengu conjurers
  A tengu simulacrum (Depths:4)
  A polar bear (Lair:2)
  A hornet (Swamp:2)
  3 tarantellas
  A sphinx simulacrum (Depths:4)
  An iron dragon simulacrum (Depths:4)
  14 slime creatures
  2 culicivoras
  2 spriggans
  3 water elementals (Depths:2)
  6 jumping spiders
  A wraith (D:11)
  8 yaks
  3 fire elementals (Zot:3)
  A hog (Spider:2)
  6 redbacks
  A basilisk (Lair:4)
  A steam dragon (D:4)
  2 golden eyes
  A vampire mosquito (Swamp:3)
  A swamp worm (Lair:2)
  A floating eye (Slime:2)
  2 swamp drakes (Swamp:4)
  A glowing shapeshifter skeleton (D:15)
  A spriggan simulacrum (Depths:1)
  An ogre (Orc:2)
  A black bear (Lair:2)
  An orc warrior (Orc:1)
  A small abomination (Abyss:1)
  A wight (D:7)
  A killer bee (D:7)
  4 jellies (Zot:4)
  An orc priest (Orc:1)
  2 orc wizards
  A hell rat (Lair:5)
  9 orcs
  A kobold (D:11)
246 creatures vanquished.

Vanquished Creatures (others)
  2 bloated husks (Swamp:1)
  A spriggan (Swamp:3)
  A hog (Spider:3)
  A swamp drake (Swamp:4)
  32 knights
  22 foxfires
59 creatures vanquished.

Grand Total: 1691 creatures vanquished

Notes
Turn   | Place    | Note
-------+----------+-------------------------------------------
     0 | D:1      | NoAnimeNoLife the Merfolk Fighter began the quest for the
                  | Orb.
     0 | D:1      | Reached XP level 1. HP: 18/18 MP: 1/1
   212 | D:1      | You fall into a shaft and drop 1 floor!
   221 | D:2      | Reached XP level 2. HP: 24/24 MP: 2/2
   400 | D:1      | Reached XP level 3. HP: 23/30 MP: 3/3
   406 | D:1      | Reached skill level 4 in Fighting
   970 | D:2      | Reached XP level 4. HP: 36/38 MP: 4/4
  1708 | D:3      | Found a white marble altar of Elyvilon.
  1788 | D:3      | Found a broken altar of Ashenzari.
  1850 | D:3      | Reached skill level 5 in Polearms
  2224 | D:4      | Noticed a black bear
  2234 | D:4      | Killed a black bear
  2235 | D:4      | Reached skill level 5 in Fighting
  2235 | D:4      | Reached XP level 5. HP: 30/44 MP: 5/5
  2237 | D:4      | Identified a scroll of acquirement
  2237 | D:4      | Acquired the +10 trident of Verdant Reinforcement {freeze,
                  | rN+ Int-5 Dex+3}
  2295 | D:4      | Noticed Blork the orc
  2300 | D:4      | Killed Blork the orc
  2301 | D:4      | Reached XP level 6. HP: 32/52 MP: 6/6
  2600 | D:4      | Reached skill level 6 in Fighting
  3069 | D:4      | Found a runed translucent door.
  3069 | D:4      | Noticed a steam dragon
  3070 | D:4      | Noticed Sintarzus's ghost (amateur MfMo)
  3447 | D:4      | Reached XP level 7. HP: 59/59 MP: 7/7
  3652 | D:5      | Entered Level 5 of the Dungeon
  3757 | D:5      | Noticed Duvessa
  3758 | D:5      | Noticed Dowan
  3768 | D:5      | Killed Duvessa
  3769 | D:5      | Killed Dowan
  3865 | D:5      | Reached skill level 7 in Fighting
  3990 | D:5      | Found a sacrificial altar of Ru.
  4048 | D:5      | Reached XP level 8. HP: 61/67 MP: 8/8
  4212 | D:6      | Found a staircase to the Ecumenical Temple.
  4225 | Temple   | Entered the Ecumenical Temple
  4329 | Temple   | Became a worshipper of Hepliaklqana the Forgotten
  4370 | D:6      | Reached skill level 8 in Fighting
  4513 | D:6      | Noticed a +0 dagger
  4515 | D:6      | Noticed a +0 hand axe
  4516 | D:6      | Found a hide-covered altar of Uskayaw.
  4606 | D:6      | Reached skill level 10 in Polearms
  4776 | D:6      | Reached skill level 9 in Fighting
  4880 | D:6      | Identified the +1 quarterstaff of Plunder {antimagic, rPois
                  | Str+3 Int+2}
  5053 | D:7      | Reached skill level 1 in Dodging
  5085 | D:7      | Reached XP level 9. HP: 76/76 MP: 9/9
  5148 | D:7      | Reached * piety under Hepliaklqana
  5177 | D:7      | Reached skill level 5 in Dodging
  5306 | D:7      | Noticed an orc sorcerer
  5306 | D:7      | Paralysed by an orc sorcerer for 4 turns
  5313 | D:7      | Killed an orc sorcerer
  5564 | D:7      | Reached XP level 10. HP: 74/74 MP: 8/10
  5622 | D:7      | Reached skill level 10 in Dodging
  5800 | D:8      | Noticed a two-headed ogre
  5806 | D:8      | Killed a two-headed ogre
  6098 | D:8      | Found a staircase to the Lair.
  6169 | D:8      | Noticed Grum
  6188 | D:8      | Killed Grum
  6910 | D:9      | Found Potibb's Weapon Shoppe.
  6911 | D:9      | Found a staircase to the Orcish Mines.
  6914 | D:9      | Found Heukk's Armour Shoppe.
  7122 | D:9      | Reached ** piety under Hepliaklqana
  7123 | D:9      | Remembered your ancestor Lufti as a knight
  7208 | D:9      | Reached XP level 11. HP: 80/80 MP: 8/11
  7215 | D:9      | Reached skill level 5 in Armour
  7525 | D:9      | Found a shadowy altar of Dithmenos.
  7753 | D:10     | Entered Level 10 of the Dungeon
  7832 | D:10     | Noticed a cyclops
  7838 | D:10     | Killed a cyclops
  7869 | D:10     | Found a blossoming altar of Fedhas.
  8715 | D:11     | Noticed a brown ugly thing
  8724 | D:11     | Killed a brown ugly thing
  9249 | D:11     | Reached *** piety under Hepliaklqana
  9481 | D:11     | Found a shadowy altar of Dithmenos.
  9744 | D:11     | Acquired a +2 demon trident of venom
  9798 | D:11     | Reached XP level 12. HP: 85/85 MP: 7/12
  9998 | D:12     | Reached skill level 15 in Polearms
 10190 | D:12     | Reached skill level 10 in Fighting
 10567 | Lair:1   | Entered Level 1 of the Lair of Beasts
 10745 | D:9      | Bought a +0 buckler of poison resistance for 127 gold
                  | pieces
 11531 | Lair:1   | Reached **** piety under Hepliaklqana
 11574 | Lair:1   | Reached skill level 11 in Fighting
 12371 | Lair:2   | Reached skill level 1 in Invocations
 12371 | Lair:2   | Reached skill level 1 in Evocations
 12679 | Lair:2   | Reached XP level 13. HP: 92/96 MP: 10/14
 12854 | Lair:2   | Found a hole to the Spider Nest.
 13059 | Lair:2   | Reached skill level 12 in Fighting
 13137 | Lair:2   | Found a staircase to the Swamp.
 14362 | Lair:4   | Reached skill level 5 in Invocations
 14379 | Lair:4   | Identified the +11 quarterstaff "Warph" {flame, Int+2
                  | Dex+3}
 14865 | Lair:4   | Found a transporter.
 14865 | Lair:4   | Noticed Olga's ghost (journeyman MeCj)
 14868 | Lair:4   | Noticed a great orb of eyes
 14880 | Lair:4   | Found a one-way gate to the infinite horrors of the Abyss.
 14995 | Lair:4   | Found a transporter.
 15073 | Lair:4   | Noticed a rakshasa
 15075 | Lair:4   | Identified the ring of Uloxt {rElec rN+ Str+6 Stlth+}
 15186 | Lair:4   | Found a viscous altar of Jiyva.
 15186 | Lair:4   | Found a staircase to the Slime Pits.
 15219 | Lair:4   | Reached skill level 5 in Evocations
 15393 | Lair:5   | Entered Level 5 of the Lair of Beasts
 15549 | Lair:5   | Reached ***** piety under Hepliaklqana
 15568 | Lair:5   | Reached skill level 13 in Fighting
 15792 | Lair:5   | Reached XP level 14. HP: 58/106 MP: 8/19
 16123 | Lair:5   | Found the ring of the Octopus King
 16134 | Lair:5   | Identified a ring of the Octopus King {rF+ HP+2 AC+2 EV+2
                  | SH+2}
 16482 | Lair:5   | Identified the staff of cold "Cuchor" {Drain rC+ rCorr SInv
                  | Stlth+}
 16625 | Lair:5   | Identified the +0 ring mail of Liberty {rElec Str+5 Int-4}
 16726 | Lair:5   | Found the +1 robe of Vines {NoPotionHeal Regen++++}
 16739 | Lair:5   | Reached skill level 14 in Fighting
 17398 | Orc:1    | Entered Level 1 of the Orcish Mines
 17574 | Orc:2    | Entered Level 2 of the Orcish Mines
 17574 | Orc:2    | Found a staircase to the Elven Halls.
 18231 | Orc:2    | Found Ateugg's Antique Weapon Emporium.
 18500 | Orc:2    | Reached skill level 15 in Fighting
 18509 | Orc:2    | Found Nuphar's Armour Shoppe.
 18538 | Orc:2    | Found Pomecs's Book Shop.
 18538 | Orc:2    | Found Puteu's General Store.
 18538 | Orc:2    | Found Dasot's Armour Boutique.
 18753 | Orc:2    | Noticed Sonja
 18761 | Orc:2    | Killed Sonja
 19443 | Orc:1    | Found a large runed translucent door.
 19443 | Orc:1    | Found a large runed translucent door.
 19447 | Orc:1    | Noticed Longtemps's ghost (journeyman OpEE)
 19483 | Orc:1    | Killed Longtemps's ghost
 19484 | Orc:1    | Reached XP level 15. HP: 116/116 MP: 15/21
 19592 | Orc:2    | Bought the +8 orange crystal plate armour {Archmagi, Int+3
                  | Clar} for 1589 gold pieces
 19592 | Orc:2    | Found the +8 orange crystal plate armour {Archmagi, Int+3
                  | Clar}
 20158 | D:13     | Noticed Urug
 20170 | D:13     | a quicksilver ooze changed into a storm dragon
 20170 | D:13     | Noticed a storm dragon (glowing shapeshifter)
 20170 | D:13     | a storm dragon changed into an azure jelly
 20170 | D:13     | Noticed an azure jelly (glowing shapeshifter)
 20172 | D:13     | an azure jelly changed into a minotaur
 20175 | D:13     | Killed Urug
 20192 | D:13     | Found a gate to the Vaults.
 20567 | D:14     | Reached skill level 10 in Armour
 21622 | D:15     | Entered Level 15 of the Dungeon
 21634 | D:15     | Found a shimmering blue altar of Sif Muna.
 21963 | D:15     | Reached ****** piety under Hepliaklqana
 22236 | D:15     | Found a staircase to the Depths.
 22391 | D:15     | Acquired 1161 gold pieces
 22620 | Orc:2    | Bought a +1 pair of boots of flying for 181 gold pieces
 22630 | Orc:2    | Bought a +1 cloak for 149 gold pieces
 22644 | Orc:2    | Bought a scroll of enchant armour for 112 gold pieces
 23000 | Lair:4   | Noticed a ghost moth
 23005 | Lair:4   | Killed a ghost moth
 23105 | Abyss:1  | Cast into level 1 of the Abyss (spriggan)
 23262 | Abyss:1  | Noticed a deep elf elementalist
 23519 | Abyss:1  | Reached XP level 16. HP: 99/123 MP: 14/22
 23552 | Abyss:1  | Noticed an Executioner
 23556 | Abyss:1  | Killed an Executioner
 23559 | Lair:4   | Escaped the Abyss
 23614 | Lair:4   | Killed Olga's ghost
 23742 | Swamp:1  | Entered Level 1 of the Swamp
 23749 | Swamp:1  | Noticed a thorn hunter
 23946 | Lair:2   | Reached skill level 16 in Fighting
 24104 | Lair:2   | Killed a thorn hunter
 24306 | Swamp:1  | Reached skill level 5 in Shields
 24877 | Swamp:2  | Found a glowing silver altar of Zin.
 26116 | Swamp:3  | Noticed a thorn hunter
 26131 | Swamp:3  | Killed a thorn hunter
 26213 | Swamp:3  | Acquired a manual of Evocations
 26548 | Swamp:4  | Entered Level 4 of the Swamp
 26563 | Swamp:4  | Reached skill level 10 in Evocations
 27267 | Swamp:4  | Reached XP level 17. HP: 123/131 MP: 7/23
 27281 | Swamp:4  | Noticed the 27-headed Lernaean hydra
 27304 | Swamp:4  | Killed the 27-headed Lernaean hydra
 27520 | Swamp:4  | Reached skill level 15 in Evocations
 27928 | Swamp:4  | Got a decaying rune of Zot
 28109 | Spider:1 | Entered Level 1 of the Spider Nest
 28746 | Spider:1 | Found a runed translucent door.
 28871 | Spider:1 | Noticed Pogint's ghost (adept OpAE)
 29009 | Spider:1 | Identified the +5 war axe "Dragonslayer" {flame, Fly}
 29392 | Spider:1 | Killed Pogint's ghost
 29399 | Spider:1 | Identified the +3 cloak "Rifiur" {rF+}
 29458 | Spider:2 | Noticed Arachne
 29470 | Spider:2 | Killed Arachne
 29807 | Spider:2 | Noticed Roxanne
 30004 | Spider:2 | Killed Roxanne
 30374 | Spider:3 | Noticed Kirke
 30382 | Spider:3 | Noticed a sphinx
 30505 | Spider:2 | Noticed a sphinx
 30508 | Spider:2 | Killed Kirke
 30942 | Spider:3 | Found a transporter.
 31050 | Spider:3 | Found a transporter.
 31089 | Spider:3 | Reached XP level 18. HP: 137/137 MP: 5/24
 31915 | Spider:4 | Entered Level 4 of the Spider Nest
 32063 | Spider:4 | Noticed Nikola
 32075 | Spider:4 | Killed Nikola
 32076 | Spider:4 | Reached skill level 17 in Fighting
 32783 | Spider:4 | Identified the amulet "Behooley" {Spirit Regen+}
 33093 | Spider:4 | Reached skill level 18 in Fighting
 33477 | Spider:4 | Got a gossamer rune of Zot
 34158 | D:4      | Killed Sintarzus's ghost
 34596 | Spider:3 | Reached skill level 19 in Fighting
 34643 | Spider:3 | Identified the +0 hat "Dedofygg" {Int+3 Stlth+}
 34827 | Slime:1  | Entered Level 1 of the Pits of Slime
 35972 | Slime:2  | Paralysed by a floating eye for 4 turns
 35983 | Slime:2  | Paralysed by a floating eye for 3 turns
 36065 | Slime:3  | Reached XP level 19. HP: 151/151 MP: 19/25
 36084 | Slime:3  | Reached skill level 20 in Fighting
 36325 | Slime:5  | Entered Level 5 of the Pits of Slime
 36639 | Slime:5  | Noticed the Royal Jelly
 36653 | Slime:5  | Killed the Royal Jelly
 37023 | Slime:4  | Reached skill level 21 in Fighting
 37023 | Slime:4  | Gained mutation: You occasionally shout uncontrollably at
                  | your foes. [a shining eye]
 37024 | Slime:4  | Gained mutation: You sometimes lose your temper in combat.
                  | [a shining eye]
 37071 | Slime:4  | Lost mutation: You sometimes lose your temper in combat.
                  | [potion of mutation]
 37071 | Slime:4  | Lost mutation: You occasionally shout uncontrollably at
                  | your foes. [potion of mutation]
 37071 | Slime:4  | Gained mutation: Your magical capacity is low. (-10% MP)
                  | [potion of mutation]
 37071 | Slime:4  | Gained mutation: A frigid envelope surrounds you and
                  | freezes all who hurt you. [potion of mutation]
 37071 | Slime:4  | Gained mutation: You are somewhat resistant to further
                  | mutation. [potion of mutation]
 37796 | Slime:5  | Identified the amulet "Rerig" {Acrobat rC+ Dex+3}
 37820 | Slime:5  | Got a slimy rune of Zot
 37866 | Slime:5  | Identified the +0 robe "Beimyu Qapt" {Int+2}
 37872 | Slime:5  | Identified the amulet of Omyitech {Faith Str+3}
 37920 | Slime:5  | Identified the +4 scale mail "Vonell" {+Blink rElec Str+2}
 38429 | Slime:3  | Reached skill level 22 in Fighting
 39059 | D:15     | Found a portal to a secret trove of treasure.
 39412 | Depths:1 | Entered Level 1 of the Depths
 40366 | Depths:1 | Noticed a walking crystal tome
 40379 | Depths:1 | Killed a walking crystal tome
 40380 | Depths:1 | Reached skill level 10 in Shields
 40625 | Depths:1 | Found an iron altar of Okawaru.
 40764 | Depths:1 | Found a gateway to Hell.
 40901 | Depths:1 | Found a snail-covered altar of Cheibriados.
 40935 | Depths:1 | Reached XP level 20. HP: 73/165 MP: 0/23
 41268 | Depths:2 | Noticed Vv
 41291 | Depths:2 | Killed Vv
 42292 | Depths:2 | Noticed a caustic shrike
 42297 | Depths:2 | Reached skill level 15 in Shields
 42402 | Depths:2 | Noticed a juggernaut
 42665 | Depths:2 | Killed a caustic shrike
 42965 | Depths:2 | Noticed a juggernaut
 42974 | Depths:2 | Killed a juggernaut
 43794 | Depths:3 | Reached XP level 21. HP: 67/171 MP: 3/24
 44208 | Depths:3 | Noticed a golden dragon
 44219 | Depths:3 | Killed a golden dragon
 44553 | Depths:3 | Identified the ring "Koto" {rPois Int+3 SInv}
 44990 | Depths:3 | Identified the ring of Illuvy {Ice rPois Int+3 Dex+2}
 45004 | Depths:3 | Reached skill level 23 in Fighting
 45034 | Depths:3 | Noticed a golden dragon
 45047 | Depths:3 | Killed a golden dragon
 45395 | Depths:3 | Identified the staff of poison "Igopiked" {rPois rC+ Dex+4}
 45460 | Depths:3 | Got the Disquisition on Conflict
 45613 | Depths:4 | Entered Level 4 of the Depths
 45769 | Depths:4 | Got the Parchment of Hyperthermia
 45956 | Depths:4 | Found a runed translucent gate.
 45957 | Depths:4 | Found a runed translucent gate.
 45958 | Depths:4 | Found a runed translucent gate.
 45960 | Depths:4 | Noticed Vuihagim's ghost (journeyman HOFi)
 45960 | Depths:4 | Noticed a dread lich
 45996 | Depths:4 | Noticed a golden dragon
 45997 | Depths:4 | Found a gate to the Realm of Zot.
 46011 | Depths:4 | Killed a golden dragon
 46027 | Depths:4 | Reached skill level 24 in Fighting
 46843 | Depths:4 | Found a runed translucent door.
 46846 | Depths:4 | Found a radiant altar of Vehumet.
 46846 | Depths:4 | Noticed an ancient lich
 47040 | Depths:4 | Reached XP level 22. HP: 141/183 MP: 0/25
 47466 | Depths:4 | Reached skill level 25 in Fighting
 47886 | Depths:4 | Killed a dread lich
 47889 | Depths:4 | Killed Vuihagim's ghost
 47897 | Depths:4 | Identified the +0 helmet "Vemnal" {rF++ MP+9}
 48056 | Zot:1    | Entered Level 1 of the Realm of Zot
 48660 | Zot:1    | Noticed dazzle's ghost (veteran NaIE)
 48661 | Zot:1    | Noticed Raoceuw's ghost (master NaVM)
 48664 | Zot:1    | Noticed an orb of fire
 48682 | Zot:1    | Reached skill level 26 in Fighting
 48783 | Zot:1    | Found a transporter.
 48900 | Zot:1    | Found a transporter.
 50382 | Zot:2    | Identified the +0 morningstar of Infection {drain, rN++
                  | rCorr SInv Stlth-}
 50491 | Zot:2    | Reached skill level 27 in Fighting
 50870 | Zot:2    | Identified the +2 chain mail "Jorro" {Rampage rC- rN++
                  | rCorr}
 51720 | Zot:3    | You are sucked into a shaft and drop 1 floor!
 51756 | Zot:4    | Reached XP level 23. HP: 154/197 MP: 24/26
 51868 | Zot:4    | Noticed a golden dragon
 51881 | Zot:4    | Killed a golden dragon
 52128 | Zot:3    | Noticed an orb of fire
 52128 | Zot:3    | Noticed an orb of fire
 52182 | Zot:4    | Noticed a golden dragon
 52191 | Zot:4    | Killed a golden dragon
 52433 | Zot:4    | Noticed a shard shrike
 52442 | Zot:4    | Killed a shard shrike
 52655 | Zot:4    | Reached skill level 15 in Armour
 53092 | Zot:3    | Killed an orb of fire
 53437 | Zot:3    | Killed an orb of fire
 54120 | Zot:4    | Identified the +3 sling "Fowups" {flame, rF+ rC- rN+++
                  | SInv}
 54361 | Zot:4    | Reached skill level 10 in Invocations
 54564 | Zot:4    | Reached XP level 24. HP: 114/204 MP: 15/28
 55439 | Zot:5    | Entered Level 5 of the Realm of Zot
 55743 | Zot:5    | Noticed a Killer Klown
 55752 | Zot:5    | Killed a Killer Klown
 56487 | Zot:5    | Noticed a dread lich
 56524 | Zot:5    | Reached skill level 15 in Invocations
 56526 | Zot:5    | Killed a dread lich
 56610 | Zot:5    | Noticed a Killer Klown
 56612 | Zot:5    | Noticed a dread lich
 56619 | Zot:5    | Killed a Killer Klown
 56621 | Zot:5    | Killed a dread lich
 56646 | Zot:5    | Noticed an orb of fire
 56670 | Zot:5    | Gained mutation: Your spells are a little easier to cast,
                  | but a little less powerful. [an orb of fire]
 56672 | Zot:5    | Killed an orb of fire
 56950 | Zot:5    | Noticed a Killer Klown
 56954 | Zot:5    | Noticed a Killer Klown
 56961 | Zot:5    | Killed a Killer Klown
 56967 | Zot:5    | Killed a Killer Klown
 56995 | Zot:5    | Noticed a Killer Klown
 57002 | Zot:5    | Noticed a Killer Klown
 57024 | Zot:5    | Killed a Killer Klown
 57031 | Zot:5    | Killed a Killer Klown
 57200 | Zot:5    | Noticed an orb of fire
 57212 | Zot:5    | Killed an orb of fire
 57218 | Zot:5    | Reached XP level 25. HP: 191/210 MP: 24/32
 57245 | Zot:5    | Noticed a dread lich
 57246 | Zot:5    | Got the Orb of Zot
 58041 | D:$      | Escaped with the Orb!

Illustrated notes

Levels and vault maps discovered:
D:1:      roderic_crop_circles_arrival_small, layout_loops_cross
D:2:      layout_basic, minmay_tall_x
D:3:      layout_loops_ring, mainiacjoe_overflow_catch_the_wave,
          nicolae_hexahallways, amethyst_killhole
D:4:      layout_basic, ebering_ghost_inner_flame, uniq_blork_the_orc
D:5:      layout_basic, lemuel_crystal_altar, uniq_duvessa
D:6:      layout_cave_pools, dancing_weapons_uskayaw,
          minmay_temple_entry_sparse_star
D:7:      cheibrodos_wizards_tower, layout_cave_pools, serial_undead,
          serial_undead_b, serial_undead_e, serial_undead_b, serial_undead_f
D:8:      layout_basic, david_lair_shrubbed, uniq_grum
D:9:      layout_small_grid, general_overflow_altar, orc_david_3
D:10:     minmay_angry_zag, layout_loops_ring, mainiacjoe_overflow_alcove_1
D:11:     layout_loops_cross, grunt_dithmenos_smoke_and_mirrors
D:12:     layout_cross
D:13:     layout_rooms, david_vaults_2, serial_glass, glass_columns_a,
          glass_columns_b, glass_columns_a, uniq_urug
D:14:     layout_long_grid, kennysheep_pointless_box
D:15:     gammafunk_depths_entry_grave, layout_long_grid,
          nicolae_sif_muna_condensation, nicolae_trove_entry_crossroad,
          evilmike_butchery
Temple:   kb_temple_of_zot
Lair:1:   layout_cave_pods, beast_lair_carwin_7
Lair:2:   layout_regular_city, palyth_hydra_swamp_entry, dummy_spider_entry,
          gammafunk_lair_bear_cave
Lair:3:   layout_misc_corridors
Lair:4:   layout_cave_shapes, dpeg_slime_entry_enclosed,
          gammafunk_ghost_abyssal_escape, serial_bayou_shore_a
Lair:5:   gammafunk_lair_ancient_temple, layout_gridlike,
          hellmonk_guarded_unrand_vines
Swamp:1:  layout_falls_marsh, nicolae_swamp_some_circles
Swamp:2:  layout_basic_swamp, nicolae_swamp_godswood, hangedman_swamp_cone,
          infiniplex_staircase_pool_2
Swamp:3:  layout_basic_swamp, evilmike_swamp_ruin_wall
Swamp:4:  swamp_old_school, layout_basic_swamp
Spider:1: layout_spider_delve, ebering_ghost_reflecting_pool
Spider:2: layout_spider_delve, uniq_arachne, uniq_roxanne
Spider:3: gammafunk_sealed_arena, uniq_kirke
Spider:4: spider_rune_water, uniq_nikola, uniq_mara
Slime:1:  cheibrodos_slime_lost_civilization_9, layout_caves
Slime:2:  layout_caves, nicolae_slime_getting_an_eyeful, uniq_dissolution
Slime:3:  layout_caves, nicolae_slime_barrier, nicolae_slime_crime_time
Slime:4:  layout_caves
Slime:5
Orc:1:    layout_caves, ebering_ghost_disaster_area
Orc:2:    st_orc_ogre_mass, layout_diamond_mine, serial_shops, shop, uniq_sonja
Depths:1: layout_gridlike, hell_entry, okawaru_trees_2, slow_altar_2,
          hangedman_decor_cross_pass
Depths:2: box_level_dp, hell_entry, pan_entry, uniq_vv
Depths:3: evilmike_diamond_1, layout_basic, special_room [special_room_jelly],
          pf_coc_iceberg, marbit_kobold_abyss_entry, nicolae_benzene_ring,
          kennysheep_decorative_pillar
Depths:4: evilmike_zot_entry_argh, layout_gridlike, nicolae_figureground_pulse,
          hell_entry, gammafunk_ghost_necromancy, grunt_absolute_annihilation
Zot:1:    layout_twisted_circle, nzn_ghost_randoct
Zot:2:    lemuel_draconian_sentries_small, layout_basic, grunt_ministairs_15
Zot:3:    lemuel_firehouse, layout_onion
Zot:4:    lemuel_acid_trip, layout_concentric_octagons, hangedman_zot_spectrum
Zot:5:    layout_twisted_circle

Skill      XL: |  1  2  3  4  5  6  7  8  9 10 11 12 13 14 15 16 17 18 19 20 21 22 23 24 25 |
---------------+----------------------------------------------------------------------------+-----
Polearms       | 3 4 5 6 7 8 12 14 17 19 20 | 20.1
Fighting       | 4 5 6 7 9 11 13 15 16 19 22 24 27 | 27.0
Dodging        | 2 9 13 | 13.3
Armour         | 4 8 9 12 13 14 16 | 16.1
Invocations    | 2 7 8 11 17 18 | 18.6
Evocations     | 2 6 9 13 17 | 17.1
Shields        | 8 10 18 | 18.8

Action                     |  1- 3 |  4- 6 |  7- 9 | 10-12 | 13-15 | 16-18 | 19-21 | 22-24 | 25-27 || total
---------------------------+-------+-------+-------+-------+-------+-------+-------+-------+-------++-------
  Melee: Trident           |   110 |   109 |   183 |   434 |   861 |   780 |       |       |       ||  2477
         Tailslap          |       |       |     1 |       |     4 |       |       |       |       ||     5
         Demon trident     |       |       |       |       |       |   345 |  1006 |  1159 |    70 ||  2580
         Unarmed           |       |       |       |       |       |     1 |       |       |       ||     1
 Invoke: Ancestor Life: Kn |       |       |       |     1 |       |       |       |       |       ||     1
         Idealise          |       |       |       |       |     3 |     2 |     9 |    15 |       ||    29
         Recall Ancestor   |       |       |       |       |     1 |    12 |     5 |     2 |     2 ||    22
  Evoke: Wand              |       |       |     1 |       |     1 |    13 |    27 |    17 |       ||    59
         Phantom mirror    |       |       |       |       |     1 |     5 |     4 |     3 |       ||    13
         Phial of floods   |       |       |       |       |       |     3 |     3 |     3 |       ||     9
         Lightning rod     |       |       |       |       |       |     4 |    14 |    12 |       ||    30
         Tin of tremorston |       |       |       |       |       |     3 |     5 |     4 |       ||    12
    Use: Potion            |       |     1 |       |     1 |    14 |     5 |     5 |     9 |     1 ||    36
         Scroll            |       |     1 |    10 |     9 |    12 |    16 |     8 |     4 |       ||    60
   Stab: Distracted        |       |     1 |     2 |     4 |     5 |     5 |    11 |    16 |       ||    44
         Confused          |       |       |       |       |       |     1 |       |       |       ||     1
         Paralysed         |       |       |       |       |       |     2 |     2 |       |       ||     4
         Invisible         |       |       |       |       |       |     1 |       |     2 |       ||     3
 Armour: Scale mail        |    38 |    39 |    31 |     6 |       |       |       |       |       ||   114
         Acid dragon scale |       |       |       |    22 |    65 |       |       |       |       ||    87
         Steam dragon scal |       |       |       |     1 |       |       |       |       |       ||     1
         Crystal plate arm |       |       |       |       |   152 |   661 |   419 |   386 |    19 ||  1637
         Skin              |       |       |       |       |     8 |       |       |       |       ||     8
  Dodge: Dodged            |    36 |    40 |    63 |   162 |   311 |   389 |   228 |   263 |    16 ||  1508
  Block: Buckler           |    16 |    17 |    19 |    34 |   126 |   491 |   280 |   272 |    10 ||  1265
         Reflection        |       |       |       |       |       |     2 |     2 |       |       ||     4
         Other             |       |       |       |       |       |     1 |       |       |       ||     1

Table legend: (Time is in decaauts)
 A = Elapsed time spent in this place.
 B = Non-inter-level travel time spent in this place.
 C = Inter-level travel time spent in this place.
 D = Time resting spent in this place.
 E = Time spent auto-exploring this place.
 F = Levels seen in this place.
 G = Mean time per level.
                   A        B        C        D        E       F      G
               +--------+--------+--------+--------+--------+-----+--------+
         Total |  55905 |  50792 |   5113 |   9864 |  31714 |  46 | 1215.3 |
       Dungeon |  14655 |  12389 |   2266 |    313 |  10232 |  15 |  977.0 |
        Temple |    108 |     91 |     17 |      0 |     80 |   1 |  108.0 |
          Lair |   7623 |   6122 |   1501 |    539 |   4808 |   5 | 1524.6 |
         Swamp |   3621 |   3437 |    184 |    540 |   2336 |   4 |  905.2 |
   Spider Nest |   5765 |   5529 |    236 |   1576 |   2666 |   4 | 1441.2 |
    Slime Pits |   3788 |   3732 |     56 |   2467 |    266 |   5 |  757.6 |
  Orcish Mines |   2474 |   2090 |    384 |    210 |   1445 |   2 | 1237.0 |
        Depths |   8391 |   8201 |    190 |   1353 |   5627 |   4 | 2097.8 |
           Zot |   9071 |   8796 |    275 |   2660 |   4235 |   5 | 1814.2 |
         Abyss |    405 |    405 |      0 |    203 |     19 |   1 |  405.0 |
               +--------+--------+--------+--------+--------+-----+--------+

Top non-repeatable levels by time:
   Zot:4: 2450 daAuts
Depths:2: 2178 daAuts
Depths:3: 2176 daAuts
Depths:4: 2121 daAuts
  Lair:2: 1964 daAuts
Depths:1: 1914 daAuts
  Lair:1: 1856 daAuts
   Zot:3: 1730 daAuts
   Zot:5: 1726 daAuts
  Lair:5: 1718 daAuts
   Zot:2: 1708 daAuts
Spider:3: 1611 daAuts
   Orc:2: 1604 daAuts
     D:4: 1494 daAuts
Spider:2: 1483 daAuts
